 Dungeon Crawl Stone Soup version 0.17-a0-1139-g49cbdf8 (webtiles) character file.

2696 Jine the Covered (level 9, -3/69 HPs)
             Began as a Demonspawn Abyssal Knight on May 26, 2015.
             Was a High Priest of Lugonu.
             Slain by a wandering mushroom (9 damage)
             ... on level 8 of the Dungeon.
             The game lasted 00:19:58 (7913 turns).

Jine the Covered (Demonspawn Abyssal Knight)        Turns: 7913, Time: 00:19:58

Health: -3/69      AC: 17    Str: 15    XL:     9   Next: 38%
Magic:  0/11       EV: 12    Int: 13    God:    Lugonu [*****.]
Gold:   595        SH:  0    Dex: 12    Spells: 0 memorised, 8 levels left

rFire  x . .     SeeInvis .     v - +2 falchion (distort)
rCold  + . .     Clarity  .     l - +1 ring mail {MR+}
rNeg   . . .     SustAt   .     (no shield)
rPois  .         Gourm    .     (no helmet)
rElec  .         Spirit   +     t - +2 cloak
rCorr  .         Warding  .     (no gloves)
rMut   .         Stasis   .     (no boots)
MR     +....                    (no amulet)
Stlth  ..........               m - ring of ice
                                J - ring of wizardry

@: confused, somewhat resistant to hostile enchantments, extremely unstealthy
A: rough black scales 2, demonic guardian 1, magic shield, magic regeneration
a: Depart the Abyss, Bend Space, Banish, Corrupt, Enter the Abyss, Renounce
Religion


You were on level 8 of the Dungeon.
You worshipped Lugonu.
Lugonu was extremely pleased with you.
You were not hungry.

You visited 1 branch of the dungeon, and saw 8 of its levels.
You visited the Abyss 1 time.

You collected 595 gold pieces.

Inventory:

Hand weapons
 a - a +2 falchion
 v - a +2 falchion of distortion (weapon)
 D - a +0 falchion
 L - a +0 war axe of chopping
Armour
 b - a +0 leather armour
 e - a +0 ring mail
 l - a +1 ring mail of magic resistance (worn)
 t - a +2 cloak (worn)
 x - a +0 plate armour
 C - a +0 robe
 E - a cursed -1 leather armour
Jewellery
 i - an uncursed ring of flight
 m - a ring of ice (right hand)
 o - an uncursed ring of sustain attributes {unknown}
 J - a ring of wizardry (left hand)
Magical devices
 I - a wand of fire (11)
 M - a wand of slowing (17)
Scrolls
 j - 10 scrolls of identify
 k - 4 scrolls of remove curse
 u - a scroll of magic mapping
 y - 3 scrolls of teleportation
 F - a scroll of noise {unknown}
Potions
 f - a potion of invisibility {unknown}
 g - 7 potions of heal wounds
 h - 3 potions of flight {unknown}
 n - 3 potions of curing {unknown}
 q - a potion of might {unknown}
 s - a potion of lignification {unknown}
 w - a potion of degeneration {unknown}
 B - 2 potions of agility {unknown}
 H - a potion of poison {unknown}
Books
 r - a book of Transfigurations

   Spells                             Type                      Level
   a - Stoneskin                      Transmutation/Earth          2
   b - Irradiate                      Conjuration/Transmutation    5
   c - Statue Form                    Transmutation/Earth          6
   d - Hydra Form                     Transmutation                6
   e - Dragon Form                    Transmutation                7
Comestibles
 c - 3 meat rations
 d - 5 fruits
 p - a bread ration
 z - a royal jelly
 A - 2 slices of pizza


   Skills:
 + Level 6.3 Fighting
 * Level 6.7 Long Blades
 + Level 6.8 Armour
 + Level 4.3 Dodging
 + Level 2.1 Stealth
 + Level 3.3 Invocations


You had 8 spell levels left.
You didn't know any spells.

Dungeon Overview and Level Annotations

Branches:
Dungeon (8/15)             Temple (0/1) D:6
   Lair: D:8-11

Altars:
Fedhas
Okawaru
The Shining One

Shops:
D:5 :

Annotations:
D:8 exclusion: 2 oklob saplings, Erica, Gastronok, Maurice
Abyss:1 Duvessa


Innate Abilities, Weirdness & Mutations

You are mostly covered in rough black scales (AC +7, Dex -2).
A weak demonic guardian rushes to your aid.
When hurt, damage is shared between your health and your magic reserves.
You regenerate magic rapidly.


Message History

The wandering mushroom releases spores at you but does no damage.
The wandering mushroom releases spores at you.
* * * LOW HITPOINT WARNING * * *
You are engulfed in a cloud of spores!
The wandering mushroom releases spores at you but does no damage.
Your crimson imp disappears in a puff of smoke!
The wandering mushroom releases spores at you.
* * * LOW HITPOINT WARNING * * *
You are engulfed in a cloud of spores!
You are more confused.
The wandering mushroom barely misses you.
The wandering mushroom barely misses you. x2
The wandering mushroom releases spores at you but does no damage.
The wandering mushroom barely misses you.
The wandering mushroom misses you.
The wandering mushroom barely misses you.
The wandering mushroom closely misses you.
The wandering mushroom releases spores at you but does no damage.
The wandering mushroom releases spores at you!
You die...

# *,,,...........# #
**,,,...........# ##
*,,,*♣♣♣♣♣♣♣♣♣..# .#
*,,**♣♣♣♣♣♣♣.♣♣.## .##
*,,*♣♣%.P*♣.♣.♣..#
#.##
*,,*♣%_%♣♣♣.♣.♣#.####
#..#
**,*♣!%.f♣♣.♣.♣#.##.##
##.##
***♣P♣♣f♣5♣♣.♣#.....#
##..#
♣**♣♣@♣%♣♣.......#
.##.## ♣♣f♣♣♣♣...####
.##..# *♣♣ #.^##
.###.## #.## .# #..#
##.# .# ##.## #..# .#
#..# ##.## (####..##
#..# .)..##..########
###.##


You could see 3 wandering mushrooms and a friendly quasit.

Vanquished Creatures
  Prince Ribbit (D:5)
  2 hippogriffs (D:7)
  Eustachio (D:5)
  A wandering mushroom (D:8)
  Menkaure (D:5)
  2 centaurs
  2 giant frogs
  A scorpion (D:3)
  Dowan (D:5)
  3 wights (D:6)
  3 crimson imps
  2 quasits
  A giant frog zombie (D:5)
  A centaur zombie (D:5)
  An orc priest (D:4)
  A jelly (D:8)
  3 orc wizards
  A hound (D:6)
  3 iguanas (D:6)
  5 worker ants
  2 hound zombies
  A hound skeleton (D:6)
  2 shadow imps
  5 adders
  An adder skeleton (D:6)
  A worm (D:4)
  2 giant geckos (D:1)
  25 orcs
  3 bat skeletons
  A bat zombie (D:5)
  9 giant cockroaches
  12 goblins
  9 hobgoblins
  4 jackals (D:4)
  12 bats
  4 giant newts
  11 kobolds
  2 quokkas (D:2)
  10 rats
152 creatures vanquished.

Vanquished Creatures (collateral kills)
  Grinder (D:5)
  A hippogriff (D:7)
  A sky beast (D:8)
  A giant frog (D:8)
  A crimson imp (D:5)
  3 hounds
  An orc wizard (D:5)
  2 iguanas
  A shadow imp (D:5)
  A giant cockroach (D:5)
  A hobgoblin (D:5)
  A rat (D:5)
15 creatures vanquished.

Vanquished Creatures (others)
  A yak (D:7)
  A sky beast (D:7)
  A centaur (D:7)
  A giant frog (D:7)
  A scorpion (D:4)
  A wight (D:6)
  A hound (D:6)
  4 quasits
  5 crimson imps
  5 iron imps
  A worker ant (D:8)
  2 centaur skeletons
  2 white imps
  10 ufetubi
  2 orcs
38 creatures vanquished.

Grand Total: 205 creatures vanquished

Notes
Turn   | Place    | Note
--------------------------------------------------------------
     0 | Abyss:1  | Jine the Demonspawn Abyssal Knight began the quest for the Orb.
     0 | Abyss:1  | Reached XP level 1. HP: 18/18 MP: 2/2
    14 | D:1      | Escaped the Abyss
    76 | D:1      | Gained mutation: A weak demonic guardian rushes to your aid. [demonic ancestry]
    76 | D:1      | Reached XP level 2. HP: 16/24 MP: 3/3
   225 | D:1      | Acquired Lugonu's second power
   247 | D:1      | Reached skill level 1 in Dodging
   658 | D:1      | Gained mutation: When hurt, damage is shared between your health and your magic reserves. [demonic ancestry]
   658 | D:1      | Reached XP level 3. HP: 29/29 MP: 4/4
  2061 | D:3      | Acquired Lugonu's third power
  2151 | D:3      | Noticed a scorpion
  2163 | D:3      | Killed a scorpion
  2163 | D:3      | Reached XP level 4. HP: 35/37 MP: 5/5
  2274 | D:4      | Reached XP level 5. HP: 42/42 MP: 6/6
  2552 | D:4      | Reached skill level 4 in Fighting
  2629 | D:4      | Found an iron altar of Okawaru.
  2676 | D:4      | Gained mutation: You regenerate magic rapidly. [demonic ancestry]
  2676 | D:4      | Reached XP level 6. HP: 9/48 MP: 2/7
  3111 | D:5      | Entered Level 5 of the Dungeon
  3129 | D:5      | Acquired Lugonu's fourth power
  3202 | D:5      | Noticed Grinder
  3212 | D:5      | Noticed Duvessa
  3212 | D:5      | Noticed Dowan
  3212 | D:5      | Paralysed by Grinder for 2 turns
  3225 | D:5      | Killed Dowan
  3233 | D:5      | Banished Duvessa
  3233 | D:5      | Reached skill level 1 in Stealth
  3233 | D:5      | Gained mutation: You are partially covered in rough black scales (AC +4, Dex -1). [demonic ancestry]
  3233 | D:5      | Reached XP level 7. HP: 33/55 MP: 5/8
  3240 | D:5      | Noticed Menkaure
  3256 | D:5      | Killed Grinder
  3345 | D:5      | Found Rifiem's Book Shop.
  3384 | D:5      | Noticed Eustachio
  3387 | D:5      | Noticed Prince Ribbit
  3939 | D:5      | Killed Eustachio
  3939 | D:5      | Reached skill level 5 in Armour
  3959 | D:5      | Killed Prince Ribbit
  3959 | D:5      | Reached skill level 5 in Fighting
  3959 | D:5      | Gained mutation: You are mostly covered in rough black scales (AC +7, Dex -2). [demonic ancestry]
  3959 | D:5      | Reached XP level 8. HP: 24/62 MP: 6/10
  4146 | D:5      | Killed Menkaure
  4146 | D:5      | Reached skill level 5 in Long Blades
  4479 | D:6      | Reached skill level 6 in Armour
  4574 | D:6      | Acquired Lugonu's fifth power
  4848 | D:6      | Found a staircase to the Ecumenical Temple.
  4884 | D:6      | Found a sand-covered staircase.
  5432 | D:7      | Reached XP level 9. HP: 69/69 MP: 11/11
  6673 | D:8      | Found a glowing golden altar of the Shining One.
  6871 | D:8      | Noticed Maurice
  6895 | D:8      | Noticed Erica
  7148 | D:8      | Noticed Gastronok
  7590 | D:8      | Found a blossoming altar of Fedhas.
  7913 | D:8      | Slain by a wandering mushroom

Vault maps used:
D:1:      saegor_arrival_simple_a
D:2:      minivault_24
D:4:      lemuel_tele_altar
D:5:      first_bread, serial_shops, shop_coins, uniq_grinder,
          uniq_prince_ribbit1, uniq_eustachio, uniq_duvessa, uniq_menkaure
D:6:      minmay_temple_entry_fiery, nicolae_ossuary_entry_ruins
D:7:      lemuel_flamethrower_2
D:8:      tso_oasis_becter, hangedman_tree_tricks, uniq_gastronok, uniq_maurice,
          uniq_erica
Abyss:1:  abyss_furniture_001

Action                   |  1- 3 |  4- 6 |  7- 9 || total
-------------------------+-------+-------+-------++-------
Melee: Falchion          |   134 |    86 |   321 ||   541
Invok: Bend Space        |       |     1 |     2 ||     3
  Use: Scroll            |     3 |       |     9 ||    12
       Potion            |       |     1 |       ||     1
 Stab: Distracted        |       |       |     4 ||     4
       Sleeping          |       |       |     1 ||     1
  Eat: Bread ration      |     1 |       |     2 ||     3
       Beef jerky        |       |     1 |       ||     1
       Meat ration       |       |       |     2 ||     2
